 Dungeon Crawl Stone Soup version 0.22-a0-433-gd2a9cce (webtiles) character file.

45460 Gorice the Protected (level 14, 0/115 HPs)
             Began as a Demonspawn Wanderer on May 27, 2018.
             Was a High Priest of Okawaru.
             Slain by a hellwing (4 damage)
             ... summoned by an orc sorcerer
             ... on level 2 of the Orcish Mines on May 28, 2018.
             The game lasted 01:33:39 (23814 turns).

Gorice the Protected (Demonspawn Wanderer)         Turns: 23814, Time: 01:33:40

Health: 0/115      AC: 25    Str: 14    XL:     14   Next: 1%
Magic:  0/16       EV:  6    Int: 15    God:    Okawaru [*****.]
Gold:   2238       SH:  0    Dex: 20    Spells: 13/13 levels left

rFire    + . .     SeeInvis .   s - +5 glaive (flame)
rCold    . . .     Gourm    .   (shield currently unavailable)
rNeg     . . .     Faith    .   j - +3 plate armour {rF+}
rPois    .         Spirit   +   p - +2 hat
rElec    .         Reflect  .   I - +0 cloak
rCorr    .         Harm     .   y - +0 pair of gloves {Dex+3}
MR       +....                  e - +2 pair of boots {run}
Stlth    ..........             t - amulet of the acrobat
HPRegen  0.29/turn              v - +3 ring of slaying
MPRegen  0.30/turn              d - +1 ring of evasion

@: about to teleport, very heavily drained, quick
A: talons 2, thin skeletal structure 1, powered by pain 1, magic shield, magic
regeneration
a: Heroism, Finesse, Renounce Religion


You were on level 2 of the Orcish Mines.
You worshipped Okawaru.
Okawaru was extremely pleased with you.
You were not hungry.

You visited 4 branches of the dungeon, and saw 19 of its levels.
You also visited: Sewer.

You collected 2238 gold pieces.

Inventory:

Hand Weapons
 a - a +4 trident of freezing
   (You found it on level 6 of the Dungeon)
 b - a +4 spear of venom
   (You took it off Robin on level 4 of the Dungeon)
 s - a +5 glaive of flaming (weapon)
   (Okawaru gifted it to you on level 6 of the Lair of Beasts)
 u - a +0 vampiric dagger
   (Okawaru gifted it to you on level 1 of the Orcish Mines)
 w - a +1 bardiche
Missiles
 l - 8 javelins of returning (quivered)
 x - 3 tomahawks
Armour
 e - a +2 pair of boots of running (worn)
   (Okawaru gifted it to you on level 6 of the Lair of Beasts)
 j - a +3 plate armour of fire resistance (worn)
   (You took it off an orc warlord on level 10 of the Dungeon)
 p - a +2 hat (worn)
 y - a +0 pair of gloves of dexterity (worn)
   (Okawaru gifted it to you on level 3 of the Lair of Beasts)
 I - a +0 cloak (worn)
Jewellery
 d - a +1 ring of evasion (right hand)
 h - an uncursed ring of fire
 t - an amulet of the acrobat (around neck)
 v - a +3 ring of slaying (left hand)
 J - an uncursed ring of fire
Wands
 k - a wand of polymorph (39)
 B - a wand of flame (47)
 D - a wand of digging (6)
 F - a wand of enslavement (7)
 P - a wand of paralysis (14)
Scrolls
 m - 7 scrolls of remove curse
 q - 3 scrolls of fear {!r}
 r - 4 scrolls of teleportation {!r}
 M - 8 scrolls of identify
 O - a scroll of summoning {!r}
Potions
 c - a potion of invisibility {!q}
 g - a potion of magic {!q}
 i - a potion of haste {!q}
 o - 2 potions of resistance {!q}
 z - 4 potions of might {!q}
 C - a potion of berserk rage
 E - 4 potions of curing
 H - 2 potions of flight
 K - 2 potions of cancellation {!q}
 N - 3 potions of agility {!q}
 Q - 4 potions of heal wounds {!q}
Comestibles
 f - 27 rations


   Skills:
 - Level 12.1(8.3) Fighting
 - Level 1.7(0.0) Short Blades
   Level 1.0(0.0) Maces & Flails
 * Level 12.8(8.9) Polearms
 - Level 4.0(0.9) Throwing
 + Level 13.8(9.9) Armour
 - Level 1.7(0.0) Stealth
 - Level 3.0(0.0) Invocations
 - Level 1.0(0.0) Evocations


You had 13 spell levels left.
You didn't know any spells.
Your spell library contained the following spells:

 Spells                   Type           Power        Failure   Level  Hunger
 Cause Fear               Hex            #.........   100%        4    #####..
 Magic Dart               Conj           #...         100%        1    ##.....
 Slow                     Hex            #.......     100%        2    ###....
 Confuse                  Hex            #.......     100%        3    ####...
 Death's Door             Chrm/Necr      #.........   100%        8    #######
 Bolt of Draining         Conj/Necr      #.........   100%        5    ######.
 Iskenderun's Mystic Bla  Conj           #.......     100%        4    #####..
 Haunt                    Necr/Summ      #.........   100%        7    #######
 Borgnjor's Revivificati  Necr           #.........   100%        8    #######
 Dispel Undead            Necr           #.......     100%        5    ######.
 Sublimation of Blood     Necr           #.........   100%        2    ###....
 Corpse Rot               Necr           N/A          100%        2    ###....
 Agony                    Necr           #.......     100%        5    ######.
 Necromutation            Tmut/Necr      #.........   100%        8    #######
 Confusing Touch          Hex            #.....       100%        1    ##.....
 Metabolic Englaciation   Hex/Ice        #.........   100%        5    ######.
 Corona                   Hex            #......      100%        1    ##.....
 Excruciating Wounds      Chrm/Necr      #.........   100%        5    ######.
 Portal Projectile        Hex/Tloc       #.....       100%        3    ####...
 Petrify                  Tmut/Erth      #.......     100%        4    #####..
 Leda's Liquefaction      Hex/Erth       #.........   100%        4    #####..
 Inner Flame              Hex/Fire       #.......     100%        3    ####...
 Fulminant Prism          Conj/Hex       #.........   100%        4    #####..
 Dazzling Spray           Conj/Hex       #.....       100%        3    ####...
 Force Lance              Conj/Tloc      #.......     100%        4    #####..
 Searing Ray              Conj           #.....       100%        2    ###....
 Gell's Gravitas          Tloc           #.........   100%        3    ####...
 Yara's Violent Unravell  Hex/Tmut       #.........   100%        5    ######.
 Infestation              Necr           #.........   100%        8    #######


Dungeon Overview and Level Annotations

Branches:
Dungeon (10/15)            Temple (1/1) D:7            Lair (6/6) D:9
  Swamp (0/4) Lair:3        Snake (0/4) Lair:2        Slime (0/5) Lair:6
    Orc (2/2) D:10            Elf (0/3) Orc:2

Altars:
Ashenzari
Cheibriados
Dithmenos
Elyvilon
Fedhas
Gozag
Hepliaklqana
Kikubaaqudgha
Makhleb
Nemelex Xobeh
Okawaru
Qazlal
Ru
Sif Muna
Trog
Uskayaw
Vehumet
Wu Jian
Xom
Yredelemnul
Zin
The Shining One
Jiyva

Shops:
D:6 *


Innate Abilities, Weirdness & Mutations

You have razor-sharp toenails.
You have a somewhat thin skeletal structure. (Dex +2, Stealth)
You sometimes gain a little power by taking damage.
When hurt, damage is shared between your health and your magic reserves.
You regenerate magic rapidly.


Message History

* * * LOW HITPOINT WARNING * * *
The hellwing closely misses you. The hellwing hits you.
* * * LOW HITPOINT WARNING * * *
Damage: 24 (max 24) Unknown command.
Unknown command.
Attack whom?
Press: ? - help, Dir - move target cursor, f - orc sorcerer
Aim: an orc sorcerer, wielding a dagger and wearing a robe (unusually strong)
You reach to attack!
You hit the orc sorcerer but do no damage.
The orc sorcerer casts a spell at you. The bolt of negative energy hits you!
You feel drained.
* * * LOW HITPOINT WARNING * * *
You focus on the pain.
You feel your power returning.
The bolt of negative energy hits the hellwing.
The hellwing completely resists.
The hellwing completely misses you. The hellwing barely misses you.
Damage: 14 (max 24) Attack whom?
Press: ? - help, Dir - move target cursor, f/p - orc sorcerer
Aim: an orc sorcerer, wielding a dagger and wearing a robe (unusually strong)
The wraith is in the way.
You slash the wraith! You burn the wraith!
The wraith is severely damaged.
The wraith hits you but does no damage. The hellwing completely misses you.
The hellwing hits you but does no damage.
Unknown command.
Attack whom?
Press: ? - help, Dir - move target cursor, f/p - orc sorcerer
Aim: an orc sorcerer, wielding a dagger and wearing a robe (unusually strong)
You reach to attack!
You miss the orc sorcerer. The wraith closely misses you.
The hellwing closely misses you. x2
Unknown command.
Unknown command.
Really read
r - 5 scrolls of teleportation {!r}?
As you read the scroll of teleportation {!r}, it crumbles to dust.
You feel strangely unstable.
You feel like a meek peon again.
The soul eater disappears in a puff of smoke!
The orc sorcerer points at you and mumbles some strange words.
The bolt of negative energy hits the wraith.
The wraith completely resists.
The bolt of negative energy hits you!
You feel drained.
* * * LOW HITPOINT WARNING * * *
The bolt of negative energy hits the hellwing.
The hellwing completely resists.
The wraith hits you but does no damage. The hellwing hits you!
* * * LOW HITPOINT WARNING * * *
The hellwing hits you.
You die...

#.........# ##...#....##
##.##.....# #####...##
### ##.....### ##.##
#........## #)<÷#
##.....)..## ###))##
##..###4..# ##.....#
#####@#.### #......##
##W#...## #......##
###o§.#...# ##.#.....
#.<....#.#####......#
####.........##........
#.#..........###.)[.[..
#.............#...[[.[[
##....###..........)...[
#.....# #........#.##.#[


You could see a hellwing, a wraith and an orc sorcerer.

Vanquished Creatures
  Gastronok (Lair:2)
  Kirke (Lair:5)
  An orc warlord (D:10)
  A dire elephant (Lair:6)
  Josephine (Orc:2)
  3 hydras
  A catoblepas (Lair:6)
  A two-headed ogre (D:8)
  3 death yaks (Lair:6)
  Nergalle (Lair:2)
  2 orc knights
  4 lindwurms (Lair:6)
  An orc sorcerer (Orc:2)
  An oklob plant (Lair:4)
  2 manticores (Lair:6)
  2 elephants (Lair:6)
  7 black mambas
  12 spiny frogs
  A gargoyle (D:10)
  2 rime drakes
  4 komodo dragons
  A queen bee (D:9)
  5 trolls
  A polar bear (Lair:3)
  15 blink frogs
  Grinder (D:6)
  9 dream sheep
  6 hippogriffs
  Sigmund (D:2)
  4 wraiths (Orc:2)
  A wyvern (Lair:4)
  10 yaks (Lair:2)
  A basilisk (Lair:6)
  2 hungry ghosts
  4 wargs (Orc:2)
  Menkaure (D:5)
  4 nagas (Lair:2)
  6 porcupines
  Duvessa (D:4)
  10 water moccasins
  2 sky beasts
  17 orc warriors
  A necrophage (D:6)
  An ice beast (D:9)
  3 phantoms
  A black bear (Lair:1)
  5 ogres
  7 wolves
  5 centaurs
  13 crocodiles
  A big kobold (D:9)
  12 bullfrogs
  Dowan (D:4)
  A wyvern skeleton (D:10)
  16 killer bees
  2 vampire bats (D:5)
  3 crimson imps
  2 howler monkeys
  2 jellies
  9 hounds
  A centaur skeleton (D:10)
  13 orc priests
  Ijyb (D:3)
  Natasha (thrice) (D:2)
  27 orc wizards
  6 worker ants
  A hound zombie (D:5)
  3 hound skeletons
  A worker ant zombie (D:5)
  Robin (D:4)
  A gnoll (D:1)
  12 adders
  3 shadow imps
  10 oozes
  2 adder zombies
  An adder skeleton (D:8)
  2 worms
  3 dart slugs
  11 leopard geckos
  69 orcs
  7 ball pythons
  17 giant cockroaches
  14 goblins
  8 hobgoblins
  2 jackals (D:2)
  17 kobolds
  2 quokkas
  15 bats
  16 frilled lizards
  A leopard gecko skeleton (D:3)
  5 rats
  A fungus (Lair:2)
515 creatures vanquished.

Vanquished Creatures (others)
  3 humans (Lair:5)
  A water moccasin (Lair:2)
  9 fungi
  3 plants
16 creatures vanquished.

Grand Total: 531 creatures vanquished

Notes
Turn   | Place    | Note
-------+----------+-------------------------------------------
     0 | D:1      | Gorice the Demonspawn Wanderer began the quest for the Orb.
     0 | D:1      | Gorice set off with: a +2 scale mail, a +0 short sword, a potion of lignification {!q}, a +0 dagger, a ration
     0 | D:1      | Reached XP level 1. HP: 18/18 MP: 1/1
   156 | D:1      | Gained mutation: You sometimes gain a little power by taking damage. [demonic ancestry]
   156 | D:1      | Reached XP level 2. HP: 21/24 MP: 2/2
   356 | D:1      | Reached skill level 2 in Armour
   388 | D:1      | Gained mutation: You have sharp toenails. [demonic ancestry]
   388 | D:1      | Reached XP level 3. HP: 17/29 MP: 3/3
   702 | D:2      | Noticed Natasha
   862 | D:2      | HP: 6/30 [Natasha (5)]
   866 | D:2      | HP: 2/45 [Natasha (2)]
   871 | D:2      | Killed Natasha
   871 | D:2      | Reached skill level 4 in Fighting
  1104 | D:2      | Reached XP level 4. HP: 37/37 MP: 4/4
  1627 | D:2      | Found a glowing golden altar of the Shining One.
  1677 | D:2      | Noticed Natasha
  1683 | D:2      | Killed Natasha
  1683 | D:2      | Reached skill level 1 in Throwing
  1683 | D:2      | Reached skill level 3 in Armour
  1684 | D:2      | Noticed Sigmund
  2015 | D:2      | Reached XP level 5. HP: 43/43 MP: 5/5
  2258 | D:2      | Noticed Natasha
  2285 | D:2      | HP: 11/43 [Natasha (4)]
  2287 | D:2      | HP: 5/43 [Natasha (3)]
  2290 | D:2      | Killed Natasha
  2688 | D:2      | Found a burning altar of Makhleb.
  2803 | D:2      | Killed Sigmund
  2803 | D:2      | Reached skill level 5 in Fighting
  2803 | D:2      | Reached skill level 2 in Throwing
  2803 | D:2      | Gained mutation: When hurt, damage is shared between your health and your magic reserves. [demonic ancestry]
  2803 | D:2      | Reached XP level 6. HP: 28/51 MP: 6/6
  3414 | D:3      | Reached skill level 4 in Armour
  3673 | D:3      | Noticed Ijyb
  3720 | D:3      | Killed Ijyb
  3803 | D:4      | Noticed Dowan
  3825 | D:4      | Found a glowing drain.
  3855 | Sewer    | Entered a sewer
  3966 | Sewer    | Gained mutation: You have a somewhat thin skeletal structure. (Dex +2, Stealth) [demonic ancestry]
  3966 | Sewer    | Reached XP level 7. HP: 48/56 MP: 7/7
  3973 | Sewer    | Reached skill level 3 in Throwing
  4505 | D:4      | Noticed Duvessa
  4546 | D:4      | Killed Dowan
  4549 | D:4      | Killed Duvessa
  4549 | D:4      | Reached skill level 6 in Fighting
  5131 | D:4      | Noticed Robin
  5134 | D:4      | Reached skill level 5 in Armour
  5146 | D:4      | Reached skill level 4 in Throwing
  5156 | D:4      | Killed Robin
  5204 | D:4      | Found a snail-covered altar of Cheibriados.
  5450 | D:5      | Entered Level 5 of the Dungeon
  5559 | D:5      | Reached XP level 8. HP: 54/65 MP: 6/8
  5600 | D:5      | Found the +4 Vampire's Tooth {vamp}
  5952 | D:5      | Got a pair of polished boots
  5958 | D:5      | Identified the +1 pair of boots "Iptaicam" {rF++ Str-4} (You found it on level 5 of the Dungeon)
  6001 | D:5      | Reached skill level 7 in Fighting
  6366 | D:5      | Noticed Menkaure
  6390 | D:5      | HP: 16/67 [??? (9)]
  6391 | D:5      | HP: 2/67 [Menkaure (14)]
  6392 | D:5      | Killed Menkaure
  6392 | D:5      | Reached skill level 6 in Armour
  6655 | D:6      | Found a radiant altar of Vehumet.
  6702 | D:6      | Noticed Grinder
  6717 | D:6      | Killed Grinder
  6717 | D:6      | Reached skill level 8 in Fighting
  6842 | D:6      | Found Akobe's General Store.
  6922 | D:6      | Reached skill level 7 in Armour
  6931 | D:6      | Reached XP level 9. HP: 52/74 MP: 7/9
  7067 | D:6      | Got a twisted dagger
  7098 | D:6      | Identified the +7 dagger of the Peculiar Tales {pain, Int+3 Dex+3} (You found it on level 6 of the Dungeon)
  8220 | D:7      | Found a staircase to the Ecumenical Temple.
  8233 | D:7      | Reached skill level 9 in Fighting
  8246 | Temple   | Entered the Ecumenical Temple
  8333 | Temple   | Became a worshipper of Warmaster Okawaru
  8767 | D:8      | Reached skill level 8 in Armour
  8888 | D:8      | Found a bloodstained altar of Trog.
  8897 | D:8      | Found a white marble altar of Elyvilon.
  8912 | D:8      | Found a blossoming altar of Fedhas.
  8924 | D:8      | Found an ancient bone altar of Kikubaaqudgha.
  8946 | D:8      | Noticed a two-headed ogre
  8959 | D:8      | Killed a two-headed ogre
  8959 | D:8      | Reached * piety under Okawaru
  8959 | D:8      | Reached skill level 10 in Fighting
  9202 | D:9      | Noticed a queen bee
  9203 | D:9      | Gained mutation: You have razor-sharp toenails. [demonic ancestry]
  9203 | D:9      | Reached XP level 10. HP: 61/85 MP: 7/10
  9209 | D:9      | Reached skill level 9 in Armour
  9237 | D:9      | Reached ** piety under Okawaru
  9446 | D:9      | Reached skill level 1 in Invocations
  9505 | D:9      | Reached skill level 2 in Invocations
  9568 | D:9      | Paralysed by fainting for 8 turns
  9585 | D:9      | Paralysed by fainting for 5 turns
  9592 | D:9      | Paralysed by fainting for 5 turns
  9612 | D:9      | Got a bloodstained chain mail
  9630 | D:9      | Identified the +3 chain mail of the Midnight Sun {rC+ MP+9 Str-5 Dex+3} (You found it on level 9 of the Dungeon)
  9708 | D:9      | Found a staircase to the Lair.
  9734 | D:9      | Reached skill level 3 in Invocations
  9815 | D:9      | Found a shimmering altar of Xom.
 10020 | Lair:1   | Entered Level 1 of the Lair of Beasts
 10235 | Lair:1   | Reached skill level 11 in Fighting
 10248 | Lair:1   | Reached *** piety under Okawaru
 10419 | Lair:1   | Reached skill level 10 in Armour
 10523 | Lair:1   | Noticed a spiny frog
 10543 | Lair:1   | HP: 25/88 [spiny frog (4)]
 10546 | Lair:1   | Killed a spiny frog
 11307 | Lair:2   | Noticed Gastronok
 11486 | Lair:2   | Killed Gastronok
 11486 | Lair:2   | Reached **** piety under Okawaru
 11486 | Lair:2   | Reached XP level 11. HP: 63/95 MP: 10/13
 11588 | Lair:2   | Received a gift from Okawaru
 11591 | Lair:2   | Reached skill level 12 in Fighting
 11598 | Lair:2   | HP: 25/95 [yak (7)]
 11603 | Lair:2   | HP: 22/95 [yak (5)]
 11938 | Lair:2   | Reached skill level 1 in Polearms
 11938 | Lair:2   | Reached skill level 11 in Armour
 11949 | Lair:2   | HP: 28/95 [poisoned by a spiny frog]
 11954 | Lair:2   | HP: 24/95 [poisoned by a spiny frog]
 11959 | Lair:2   | HP: 20/95 [poisoned by a spiny frog]
 11965 | Lair:2   | HP: 19/95 [poisoned by a spiny frog]
 11973 | Lair:2   | HP: 18/95 [poisoned by a spiny frog]
 11981 | Lair:2   | HP: 18/95 [poisoned by a spiny frog]
 12311 | Lair:2   | Noticed Nergalle
 12615 | Lair:2   | Reached skill level 2 in Polearms
 12714 | Lair:2   | Found a staircase to the Snake Pit.
 12921 | Lair:2   | Reached skill level 3 in Polearms
 12931 | Lair:2   | HP: 26/95 [spiny frog (6)]
 12940 | Lair:2   | HP: 17/95 [spiny frog (8)]
 12947 | Lair:2   | Noticed a spectral orc warlord
 12947 | Lair:2   | Killed Nergalle
 12947 | Lair:2   | Reached ***** piety under Okawaru
 12947 | Lair:2   | Reached skill level 4 in Polearms
 12951 | Lair:2   | HP: 11/95 [yak (5)]
 13693 | Lair:3   | HP: 27/95 [black mamba (7)]
 13698 | Lair:3   | HP: 23/95 [poisoned by a black mamba]
 13704 | Lair:3   | HP: 21/95 [poisoned by a black mamba]
 13711 | Lair:3   | HP: 20/95 [poisoned by a black mamba]
 13718 | Lair:3   | HP: 19/95 [poisoned by a black mamba]
 13726 | Lair:3   | HP: 19/95 [poisoned by a black mamba]
 14006 | Lair:3   | Reached skill level 5 in Polearms
 14117 | Lair:3   | Noticed a seven-headed hydra
 14126 | Lair:3   | Killed a seven-headed hydra
 14126 | Lair:3   | Received a gift from Okawaru
 14250 | Lair:3   | Noticed a seven-headed hydra
 14262 | Lair:3   | Killed a seven-headed hydra
 14262 | Lair:3   | Reached skill level 6 in Polearms
 14474 | Lair:3   | Found a staircase to the Swamp.
 14506 | Lair:3   | Gained mutation: You regenerate magic rapidly. [demonic ancestry]
 14506 | Lair:3   | Reached XP level 12. HP: 102/102 MP: 14/14
 14755 | Lair:3   | Reached skill level 7 in Polearms
 15238 | Lair:4   | Reached skill level 12 in Armour
 15476 | Lair:4   | Reached skill level 8 in Polearms
 16380 | Lair:5   | HP: 29/102 [poisoned by a spiny frog]
 16385 | Lair:5   | HP: 24/102 [poisoned by a spiny frog]
 16390 | Lair:5   | HP: 21/102 [poisoned by a spiny frog]
 16396 | Lair:5   | HP: 18/102 [poisoned by a spiny frog]
 16402 | Lair:5   | HP: 17/102 [poisoned by a spiny frog]
 16410 | Lair:5   | HP: 17/102 [poisoned by a spiny frog]
 16418 | Lair:5   | HP: 17/102 [poisoned by a spiny frog]
 16655 | Lair:5   | Noticed Kirke
 16752 | Lair:5   | Killed Kirke
 16752 | Lair:5   | Reached skill level 9 in Polearms
 17164 | Lair:5   | Received a gift from Okawaru
 17653 | Lair:6   | Entered Level 6 of the Lair of Beasts
 17686 | Lair:6   | Received a gift from Okawaru
 17728 | Lair:5   | Identified a +0 pair of boots of running (Okawaru gifted it to you on level 6 of the Lair of Beasts)
 17731 | Lair:6   | --nice!
 17789 | Lair:6   | Reached skill level 10 in Polearms
 18079 | Lair:6   | Reached XP level 13. HP: 69/108 MP: 12/15
 18477 | Lair:6   | Found a staircase to the Slime Pits.
 18478 | Lair:6   | Found a viscous altar of Jiyva.
 19046 | Lair:6   | Reached skill level 13 in Armour
 19423 | Lair:6   | Reached skill level 11 in Polearms
 19658 | Lair:6   | Noticed a dire elephant
 19689 | Lair:6   | Killed a dire elephant
 19740 | Lair:6   | Received a gift from Okawaru
 20325 | D:10     | Entered Level 10 of the Dungeon
 20784 | D:10     | Found a staircase to the Orcish Mines.
 20973 | D:10     | Reached skill level 12 in Polearms
 21103 | Orc:1    | Entered Level 1 of the Orcish Mines
 21107 | Orc:1    | Noticed an orc warlord
 21260 | D:10     | HP: 23/108 [orc warlord/war axe (13)]
 21262 | D:10     | HP: 10/108 [orc warrior/trident (13)]
 21267 | D:10     | Killed an orc warlord
 21692 | Orc:1    | Received a gift from Okawaru
 21837 | Orc:2    | Entered Level 2 of the Orcish Mines
 22448 | Orc:2    | HP: 32/108 [orc warrior/scimitar[an orc knight] (9)]
 23044 | Orc:2    | Found a staircase to the Elven Halls.
 23455 | Orc:1    | Noticed Josephine
 23465 | Orc:2    | Killed Josephine
 23479 | Orc:2    | HP: 28/108 [wraith[Josephine] (6)]
 23484 | Orc:2    | HP: 19/108 [wraith[Josephine] (4)]
 23492 | Orc:2    | HP: 16/108 [wraith[Josephine] (2)]
 23497 | Orc:2    | Reached XP level 14. HP: 18/115 MP: 8/16
 23795 | Orc:1    | Paralysed by an orc sorcerer for 3 turns
 23811 | Orc:2    | HP: 30/115 [orc sorcerer/bolt of negative energy (14)]
 23814 | Orc:2    | HP: 11/115 [orc sorcerer/bolt of negative energy (20)]
 23814 | Orc:2    | HP: 4/115 [hellwing[an orc sorcerer] (7)]
 23814 | Orc:2    | Slain by a hellwing

Vault maps used:
D:1:      dpeg_arrival_windows_large_door
D:2:      nicolae_tso_carved_into_rock, makhleb_blood_cavern_becter,
          uniq_natasha, uniq_sigmund
D:3:      minivault_27, kennysheep_decorative_pillar, minmay_splitting_lines,
          grunt_ministairs_3, kennysheep_generic_room_9, uniq_ijyb
D:4:      marbit_many_paths, first_ration, portal_sewer_entry_a,
          minmay_misc_feat_cross, uniq_robin, uniq_duvessa
D:5:      minmay_guarded_unrand_vampires_tooth, uniq_menkaure
D:6:      serial_shops, shop, vehumet_altar_wand_db, uniq_grinder
D:7:      minmay_temple_entry_overgrown
D:8:      grunt_temple_overflow_cloverleaf
D:9:      lemuel_crystal_altar, dpeg_oklobed_lair, david_nohive_1
D:10:     david_orc_4, serial_glass, glass_columns_a, glass_columns_c,
          item_on_display_b, feat_on_display, minmay_strange_pillars,
          feat_on_display
Temple:   jpeg_temple_clearing
Lair:2:   minmay_snake_entry_guardpost_small, grunt_megastairs_2,
          uniq_gastronok, uniq_nergalle
Lair:3:   swamp_mist_pool, grunt_megastairs_4
Lair:4:   minivault_19
Lair:5:   minivault_23, minivault_27, minivault_11, grunt_megastairs_1,
          uniq_kirke
Lair:6:   hangedman_lair_in_review, slime_altar_1, serial_bayou_pond_a,
          minmay_lindwurm_lava
Orc:1:    trog_hazing_becter, uniq_josephine
Orc:2:    st_orc_town
Sewer:    sewer_frog_island_02

Skill      XL: |  1  2  3  4  5  6  7  8  9 10 11 12 13 |
---------------+----------------------------------------+-----
Armour         | 2 3 4 5 7 8 10 11 12 13 | 13.8
Fighting       | 4 5 6 8 10 11 12 | 12.1
Throwing       | 1 2 4 |  4.0
Invocations    | 3 |  3.0
Polearms       | 6 10 12 | 12.8
Short Blades   | |  1.7
Maces & Flails | |  1.0
Stealth        | |  1.7
Evocations     | |  1.0

Action                   |  1- 3 |  4- 6 |  7- 9 | 10-12 | 13-15 || total
-------------------------+-------+-------+-------+-------+-------++-------
Melee: Short sword       |   124 |   209 |   195 |       |       ||   528
       Kick              |     7 |    62 |    80 |       |       ||   149
       Rapier            |       |    73 |    53 |       |       ||   126
       Spear             |       |       |   296 |   256 |       ||   552
       Trident           |       |       |       |   448 |   467 ||   915
       Unarmed           |       |       |       |     1 |       ||     1
       Glaive            |       |       |       |       |   121 ||   121
       Punch             |       |       |       |       |     2 ||     2
 Fire: Hunting sling     |       |       |     3 |    19 |       ||    22
Throw: Javelin           |       |    10 |     3 |    16 |    47 ||    76
       Stone             |       |     1 |       |       |       ||     1
Invok: Heroism           |       |       |       |     3 |     8 ||    11
Evoke: Wand              |       |       |     2 |    10 |       ||    12
  Use: Potion            |     2 |     2 |     2 |     3 |     2 ||    11
       Scroll            |       |     9 |    11 |     7 |     5 ||    32
 Stab: Sleeping          |       |       |     3 |       |     1 ||     4
       Confused          |       |       |     1 |     1 |       ||     2
  Eat: Chunk             |       |    10 |    18 |    24 |    17 ||    69
       Ration            |       |       |       |     3 |     1 ||     4
Armor: Scale mail        |    69 |   176 |   251 |       |       ||   496
       Skin              |     8 |       |       |       |       ||     8
       Plate armour      |       |       |    72 |   574 |   490 ||  1136
Dodge: Dodged            |    68 |   131 |   238 |   188 |   248 ||   873

Table legend:
 A = Spawn XP
 B = Non-spawn XP
 C = Spawn XP percentage of total XP
 D = Spawn monster count
 E = Non-spawn monster count
 F = Spawn count percentage of total count
 G = Total turns spent on level
                    A         B        C        D         E        F      G
               +---------+---------+-------+---------+---------+-------+---------
         Total |       0 |   64944 |   0.0 |       0 |     515 |   0.0 | 23814
               +---------+---------+-------+---------+---------+-------+---------
           D:1 |       0 |      55 |   0.0 |       0 |      20 |   0.0 |   944
           D:2 |       0 |     461 |   0.0 |       0 |      27 |   0.0 |  1995
           D:3 |       0 |     161 |   0.0 |       0 |      22 |   0.0 |   872
           D:4 |       0 |     436 |   0.0 |       0 |      31 |   0.0 |  1066
           D:5 |       0 |     735 |   0.0 |       0 |      21 |   0.0 |  1181
           D:6 |       0 |     945 |   0.0 |       0 |      19 |   0.0 |  1099
           D:7 |       0 |     802 |   0.0 |       0 |      12 |   0.0 |   845
           D:8 |       0 |    1402 |   0.0 |       0 |      16 |   0.0 |   472
           D:9 |       0 |    2585 |   0.0 |       0 |      39 |   0.0 |   878
          D:10 |       0 |    4262 |   0.0 |       0 |      42 |   0.0 |  1354
        Lair:1 |       0 |    1911 |   0.0 |       0 |      13 |   0.0 |  1390
        Lair:2 |       0 |    7768 |   0.0 |       0 |      29 |   0.0 |  2326
        Lair:3 |       0 |    7210 |   0.0 |       0 |      21 |   0.0 |  1790
        Lair:4 |       0 |    5073 |   0.0 |       0 |      18 |   0.0 |  1083
        Lair:5 |       0 |    4635 |   0.0 |       0 |      11 |   0.0 |  1151
        Lair:6 |       0 |   18074 |   0.0 |       0 |      42 |   0.0 |  2533
         Orc:1 |       0 |    1089 |   0.0 |       0 |      11 |   0.0 |   550
         Orc:2 |       0 |    7083 |   0.0 |       0 |      73 |   0.0 |  1585
         Sewer |       0 |     257 |   0.0 |       0 |      48 |   0.0 |   597
               +---------+---------+-------+---------+---------+-------+---------

Table legend:
 A = Turns spent in this place as a percentage of turns spent in the entire game.
 B = Non-inter-level travel turns spent in this place as a percentage of non-inter-level travel turns spent in the entire game.
 C = Inter-level travel turns spent in this place as a percentage of turns spent in this place.
 D = Turns resting spent in this place as a percentage of non-inter-level travel turns spent in this place.
 E = Turns spent auto-exploring this place as a percentage of non-inter-level travel turns spent in this place.
 F = Non-inter-level travel turns spent in this place divided by the number of levels of this place that you've seen.
                   A       B       C       D       E      F
               +-------+-------+-------+-------+-------+----------------------
         Total | 100.0 | 100.0 |   3.1 |  33.3 |  36.7 | 1153.2
       Dungeon |  45.0 |  44.8 |   3.5 |  23.2 |  46.0 | 1032.8
        Temple |   0.4 |   0.3 |  34.0 |   0.0 |  22.1 |  68.0
          Lair |  43.1 |  43.1 |   3.1 |  42.0 |  34.6 | 1658.7
  Orcish Mines |   9.0 |   9.2 |   0.7 |  47.0 |  11.6 | 1060.0
         Sewer |   2.5 |   2.6 |   0.0 |  19.4 |   0.0 | 597.0
               +-------+-------+-------+-------+-------+----------------------

Vault maps used:
D:1:      dpeg_arrival_windows_large_door
D:2:      nicolae_tso_carved_into_rock, makhleb_blood_cavern_becter,
          uniq_natasha, uniq_sigmund
D:3:      minivault_27, kennysheep_decorative_pillar, minmay_splitting_lines,
          grunt_ministairs_3, kennysheep_generic_room_9, uniq_ijyb
D:4:      marbit_many_paths, first_ration, portal_sewer_entry_a,
          minmay_misc_feat_cross, uniq_robin, uniq_duvessa
D:5:      minmay_guarded_unrand_vampires_tooth, uniq_menkaure
D:6:      serial_shops, shop, vehumet_altar_wand_db, uniq_grinder
D:7:      minmay_temple_entry_overgrown
D:8:      grunt_temple_overflow_cloverleaf
D:9:      lemuel_crystal_altar, dpeg_oklobed_lair, david_nohive_1
D:10:     david_orc_4, serial_glass, glass_columns_a, glass_columns_c,
          item_on_display_b, feat_on_display, minmay_strange_pillars,
          feat_on_display
Temple:   jpeg_temple_clearing
Lair:2:   minmay_snake_entry_guardpost_small, grunt_megastairs_2,
          uniq_gastronok, uniq_nergalle
Lair:3:   swamp_mist_pool, grunt_megastairs_4
Lair:4:   minivault_19
Lair:5:   minivault_23, minivault_27, minivault_11, grunt_megastairs_1,
          uniq_kirke
Lair:6:   hangedman_lair_in_review, slime_altar_1, serial_bayou_pond_a,
          minmay_lindwurm_lava
Orc:1:    trog_hazing_becter, uniq_josephine
Orc:2:    st_orc_town
Sewer:    sewer_frog_island_02
